 Dungeon Crawl Stone Soup version 0.30-a0-553-g7fabdf1491 (webtiles) character file.

Game seed: 9705454134952046848

1882 experimilk the Destroyer (level 8, -1/57 HPs)
             Began as a Pale Draconian Conjurer on Dec 26, 2022.
             Was an Initiate of Hepliaklqana.
             Killed from afar by a steam dragon (8 damage)
             ... with a ball of steam
             ... on level 7 of the Dungeon.
             The game lasted 00:17:27 (8292 turns).

experimilk the Destroyer (Pale Draconian Conjurer)  Turns: 8292, Time: 00:17:28

Health: -1/57      AC:  7    Str:  9    XL:     8   Next: 92%
Magic:  1/15       EV: 12    Int: 22    God:    Hepliaklqana [......]
Gold:   160        SH:  0    Dex:  9    Spells: 2/16 levels left

rFire   . . .      SeeInvis .    v - +0 trident
rCold   . . .      Faith    .    (no shield)
rNeg    . . .      Spirit   .    (body armour unavailable)
rPois   .          Reflect  .    (helmet restricted)
rElec   .          Harm     .    j - +0 cloak
rCorr   .          Rampage  .    (no gloves)
Will    .....                    (no boots)
Stlth   ++                       (no amulet)
HPRegen 0.29/turn                (no ring)
MPRegen 0.14/turn                (no ring)

@: no status effects
A: breathe steam, AC +6, unfitting armour, cold-blooded, steam resistance
a: Breathe Steam, Renounce Religion


You were on level 7 of the Dungeon.
You worshipped Hepliaklqana.
Hepliaklqana was noncommittal.
You visited 2 branches of the dungeon, and saw 8 of its levels.

You collected 160 gold pieces.

Inventory:

Hand Weapons
 b - a +0 whip
 d - a +0 short sword
 i - a +3 quarterstaff of chaos
 t - a +0 spear
 v - a +0 trident (weapon)
Armour
 j - a +0 cloak (worn)
Jewellery
 l - a ring of protection from cold
 x - a ring of poison resistance
Wands
 f - a wand of flame (25)
 o - a wand of paralysis (22)
 B - a wand of roots (5)
 C - a wand of digging (6)
Scrolls
 c - a scroll of teleportation
 k - a scroll of noise {unknown}
 n - a scroll of poison {unknown}
 p - a scroll of fear {unknown}
 y - 2 scrolls of amnesia {unknown}
 A - a scroll of vulnerability {unknown}
Potions
 a - a potion of mutation {unknown}
 e - a potion of might {unknown}
 g - 2 potions of curing
 h - a potion of haste {unknown}
 m - a potion of berserk rage {unknown}
 q - 3 potions of lignification
 r - a potion of cancellation {unknown}
 s - a potion of heal wounds {unknown}
 u - a potion of flight {unknown}
 w - 2 potions of degeneration {unknown}
 z - 2 potions of attraction


   Skills:
 - Level 1.7 Dodging
 - Level 1.7 Stealth
 + Level 4.9 Spellcasting
 - Level 9.0 Conjurations
 * Level 6.6 Summonings


You had 2 spell levels left.
You knew the following spells:

 Your Spells              Type           Power      Damage    Failure   Level
a - Summon Small Mammal   Summ           100%       N/A       1%          1
b - Magic Dart            Conj           100%       1d8       1%          1
d - Summon Guardian Gole  Hex/Summ       20%        N/A       8%          3
s - Call Canine Familiar  Summ           34%        N/A       1%          3
x - Iskenderun's Mystic   Conj/Tloc      25%        2d7       16%         4
z - Searing Ray           Conj           90%        2d7       1%          2

Your spell library contained the following spells:

 Spells                   Type           Power      Damage    Failure   Level
 Kiss of Death            Conj/Necr      100%       2d13      1%          1
 Cigotuvi's Dreadful Rot  Necr/Pois/Air  10%        N/A       16%         2
 Poisonous Vapours        Pois/Air       10%        N/A       16%         2
 Dazzling Flash           Conj/Hex       50%        N/A       4%          3
 Mephitic Cloud           Conj/Pois/Air  18%        N/A       9%          3
 Fulminant Prism          Conj/Hex       12%        3d9       16%         4
 Confusing Touch          Hex            5%         N/A       30%         3
 Gell's Gravitas          Tloc           5%         N/A       30%         3
 Lesser Beckoning         Tloc           10%        N/A       30%         3
 Teleport Other           Tloc           5%         N/A       30%         3
 Dispel Undead            Necr           5%         3d7       71%         4
 Orb of Destruction       Conj           22%        9d8       91%         7
 Spellforged Servitor     Conj/Summ      19%        N/A       98%         7


Dungeon Overview and Level Annotations

Branches:
Dungeon (7/15)             Temple (1/1) D:5

Altars:
Cheibriados
Dithmenos
Fedhas
Gozag
Hepliaklqana
Makhleb
Ru
Sif Muna
Trog
Uskayaw
Vehumet
Wu Jian

Shops:
D:1 :   D:3 *

Annotations:
D:6 Prince Ribbit, Sigmund
D:7 Pikel


Innate Abilities, Weirdness & Mutations

You can breathe blasts of scalding, opaque steam.
Your pale cyan-grey scales are hard. (AC +6)
You cannot fit into any form of body armour.
You are cold-blooded and may be slowed by cold attacks.
You are immune to the effects of steam.


Message History

There is a stone staircase leading down here.
The steam dragon breathes steam at you. The ball of steam hits you. You resist.
* * * LOW HITPOINT WARNING * * *
Casting: Searing Ray (safe; 1% risk of failure)
Confirm with . or Enter, or press ? or * to list all spells.
Aiming: Searing Ray (safe; 1% risk of failure)
Press: ? - help, Shift-Dir - straight line, f/p - steam dragon
Aim: a steam dragon (lightly wounded, 82% to hit)
The searing ray hits the steam dragon.
The steam dragon is moderately wounded. (Press . to maintain the ray.)
The searing ray misses the steam dragon.
You have got your breath back.
The searing ray hits the steam dragon.
The steam dragon is heavily wounded.
The searing ray hits the steam dragon.
The steam dragon is heavily wounded.
You finish channelling your searing ray.
The steam dragon closely misses you. The steam dragon claws you.
* * * LOW HITPOINT WARNING * * *
Casting: Searing Ray (safe; 1% risk of failure)
Confirm with . or Enter, or press ? or * to list all spells.
You don't have enough magic to cast this spell.
Casting: Searing Ray (safe; 1% risk of failure)
Confirm with . or Enter, or press ? or * to list all spells.
Aiming: Searing Ray (safe; 1% risk of failure)
Press: ? - help, Shift-Dir - straight line, f/p - steam dragon
Aim: a steam dragon (heavily wounded, 82% to hit)
The searing ray hits the steam dragon.
The steam dragon is severely wounded. (Press . to maintain the ray.)
The steam dragon bites you.
* * * LOW HITPOINT WARNING * * *
The steam dragon misses you.
The searing ray hits the steam dragon!
The steam dragon is almost dead.
The steam dragon breathes steam at you. The ball of steam hits you! You resist.
You die...

#.......# #......##
##.##..## ..
##..#####.# ##
#........#
###..##### #..#
##.###########
#.....D@....#
##.########.# #..#
#.....##..#
#.P.P~##D##
#$PP~.##.#
#$!.~$##.########
###≈≈~≈≈##.........
.~##SS≈###.########


You could see a steam dragon (catching breath).

Vanquished Creatures
  An acid dragon (D:7)
  An orc warrior (D:7)
  An ice beast (D:5)
  2 black bears (D:5)
  2 phantoms
  A bullfrog (D:7)
  A scorpion (D:4)
  An orc priest (D:4)
  Crazy Yiuf (D:2)
  Jessica (D:2)
  An iguana (D:5)
  5 orc wizards
  10 adders
  A white imp (D:6)
  2 worms
  3 dart slugs
  15 orcs
  4 bats
  5 endoplasms
  3 giant cockroaches
  7 goblins
  3 hobgoblins
  6 jackals
  7 kobolds
  4 quokkas
  4 ball pythons
  A frilled lizard (D:1)
  9 rats
102 creatures vanquished.

Vanquished Creatures (collateral kills)
  Edmund (D:5)
  An ice beast (D:5)
  A black bear (D:5)
  A phantom (D:5)
  A scorpion (D:4)
  A jelly (D:5)
  A hound (D:5)
  2 iguanas (D:5)
  An adder (D:5)
  3 orcs
  A quokka (D:5)
14 creatures vanquished.

Vanquished Creatures (others)
  An ogre (D:6)
  A scorpion (D:5)
2 creatures vanquished.

Grand Total: 118 creatures vanquished

Notes
Turn   | Place    | Note
-------+----------+-------------------------------------------
     0 | D:1      | experimilk the Draconian Conjurer began the quest for the
                  | Orb.
     0 | D:1      | Reached XP level 1. HP: 14/14 MP: 3/3
    53 | D:1      | Found a faded altar of an unknown god.
   210 | D:1      | Reached XP level 2. HP: 20/20 MP: 1/5
   504 | D:1      | Learned a level 2 spell: Searing Ray
   522 | D:1      | Found Poxzueq's Vocational Training.
  1208 | D:2      | Reached XP level 3. HP: 23/26 MP: 0/6
  1263 | D:2      | Noticed Jessica
  1266 | D:2      | Killed Jessica
  1267 | D:2      | Reached skill level 5 in Conjurations
  1466 | D:2      | Reached XP level 4. HP: 33/33 MP: 1/8
  1786 | D:2      | Found a runed translucent door.
  1787 | D:2      | Noticed Crazy Yiuf
  2125 | D:2      | Killed Crazy Yiuf
  2352 | D:3      | Reached XP level 5. HP: 38/38 MP: 3/9
  2890 | D:3      | Found a sacrificial altar of Ru.
  2907 | D:3      | Found a burning altar of Makhleb.
  2909 | D:3      | Found a radiant altar of Vehumet.
  2948 | D:3      | Reached skill level 6 in Conjurations
  3053 | D:3      | Learned a level 1 spell: Summon Small Mammal
  3127 | D:3      | Found Gozag's Platinum Reserve.
  3132 | D:3      | Found an opulent altar of Gozag.
  3483 | D:4      | Noticed a phantom
  3682 | D:4      | Killed a phantom
  3683 | D:4      | Reached skill level 1 in Summonings
  3797 | D:4      | Reached XP level 6. HP: 23/45 MP: 0/10
  3949 | D:4      | Noticed a +0 hand axe
  3949 | D:4      | Noticed a +0 hand axe
  3951 | D:4      | Found a hide-covered altar of Uskayaw.
  4201 | D:4      | Reached skill level 7 in Conjurations
  4360 | D:4      | Learned a level 3 spell: Call Canine Familiar
  4533 | D:4      | Found an ornate altar of the Wu Jian Council.
  4890 | D:5      | Entered Level 5 of the Dungeon
  4899 | D:5      | Your scales start taking on a pale cyan-grey colour.
  4899 | D:5      | Reached XP level 7. HP: 23/50 MP: 3/11
  4899 | D:5      | Gained mutation: You are immune to the effects of steam.
                  | [Pale Draconian growth]
  5181 | D:5      | Learned a level 3 spell: Summon Guardian Golem
  5215 | D:5      | Reached skill level 8 in Conjurations
  5600 | D:5      | Found a staircase to the Ecumenical Temple.
  5651 | Temple   | Entered the Ecumenical Temple
  5658 | Temple   | Became a worshipper of Hepliaklqana the Forgotten
  5783 | D:5      | Reached skill level 9 in Conjurations
  5822 | D:5      | Reached XP level 8. HP: 57/57 MP: 4/12
  6291 | D:5      | Learned a level 4 spell: Iskenderun's Mystic Blast
  6490 | D:5      | Noticed Edmund
  6514 | D:5      | Killed Edmund
  6989 | D:5      | Reached skill level 5 in Summonings
  7649 | D:6      | Noticed Prince Ribbit
  7650 | D:6      | Noticed Sigmund
  7845 | D:7      | Noticed Pikel
  8292 | D:7      | Killed from afar by a steam dragon

Illustrated notes

Levels and vault maps discovered:
D:1:      dpeg_arrival_renting, layout_basic,
          shapermc_ecumenical_altar_totnotflames, nicolae_shop_vocational
D:2:      layout_basic, minmay_misc_feat_square, dk_noncrumbling_3,
          uniq_crazy_yiuf_cottage, uniq_jessica
D:3:      layout_rooms, minitemple, nicolae_gozag_zags_fifth_avenue
D:4:      layout_basic, nzn_wu_jian_contemplation, dancing_weapons_uskayaw
D:5:      layout_cave_pods, minmay_temple_entry_stoned_glass, st_stairs_3,
          uniq_edmund
D:6:      layout_rooms, lemuel_coloured_pillars_altar, uniq_prince_ribbit1,
          uniq_sigmund
D:7:      cheibrodos_two_vegetables, layout_basic, uniq_pikel
Temple:   hellmonk_temple_of_storms

Skill      XL: |  1  2  3  4  5  6  7  8 |
---------------+-------------------------+-----
Conjurations   | 5 6 7 9 |  9.0
Spellcasting   | 3 4 |  4.9
Summonings     | 1 2 3 6 |  6.6
Dodging        | |  1.7
Stealth        | |  1.7

Action                   |  1- 3 |  4- 6 |  7- 9 || total
-------------------------+-------+-------+-------++-------
Melee: Whip              |    10 |       |       ||    10
       Short sword       |    12 |       |       ||    12
       Tailslap          |     1 |       |     9 ||    10
       Quarterstaff      |       |    22 |       ||    22
       Trident           |       |     3 |    84 ||    87
       Punch             |       |       |     1 ||     1
 Cast: Magic Dart        |    44 |    53 |     8 ||   105
       Searing Ray       |     4 |    26 |     7 ||    37
       Summon Small Mamm |       |     6 |    12 ||    18
       Call Canine Famil |       |     2 |    20 ||    22
       Summon Guardian G |       |       |    14 ||    14
       Iskenderun's Myst |       |       |     1 ||     1
 Abil: Breathe Steam     |       |       |    13 ||    13
Evoke: Wand              |       |       |     1 ||     1
  Use: Potion            |     1 |       |     3 ||     4
       Scroll            |       |     1 |     5 ||     6
 Stab: Distracted        |       |       |     2 ||     2
       Paralysed         |       |       |    11 ||    11
Armor: Skin              |    10 |    17 |    33 ||    60
Dodge: Dodged            |    16 |    28 |    54 ||    98

Table legend: (Time is in decaauts)
 A = Elapsed time spent in this place.
 B = Non-inter-level travel time spent in this place.
 C = Inter-level travel time spent in this place.
 D = Time resting spent in this place.
 E = Time spent auto-exploring this place.
 F = Levels seen in this place.
 G = Mean time per level.
                   A        B        C        D        E       F      G
               +--------+--------+--------+--------+--------+-----+--------+
         Total |   8333 |   8111 |    222 |   2986 |   4065 |   8 | 1041.6 |
       Dungeon |   8318 |   8096 |    222 |   2986 |   4065 |   7 | 1188.3 |
        Temple |     14 |     14 |      0 |      0 |      0 |   1 |   14.0 |
               +--------+--------+--------+--------+--------+-----+--------+

Top non-repeatable levels by time:
     D:5: 2326 daAuts
     D:2: 1528 daAuts
     D:4: 1347 daAuts
     D:1: 1159 daAuts
     D:3: 937 daAuts
     D:7: 644 daAuts
     D:6: 375 daAuts
  Temple: 14 daAuts
